 Dungeon Crawl Stone Soup version 0.28-a0-1117-g0bdd5ba030 (webtiles) character file.

Game seed: 5896008841543486388

25 yoda5477 the Insei (level 2, -1/22 HPs)
             Began as a Demonspawn Transmuter on Dec 11, 2021.
             Succumbed to an adder's poison
             ... on level 2 of the Dungeon.
             The game lasted 00:08:50 (1123 turns).

yoda5477 the Insei (Demonspawn Transmuter)          Turns: 1123, Time: 00:08:51

Health: -1/22      AC:  3    Str: 10    XL:     2   Next: 86%
Magic:  4/5        EV: 12    Int: 14    God:
Gold:   34         SH:  0    Dex: 13    Spells: 2/5 levels left

rFire   . . .      SeeInvis .     - Unarmed
rCold   . . .      Faith    .   (no shield)
rNeg    + . .      Spirit   .   a - +0 robe
rPois   .          Reflect  .   (helmet currently unavailable)
rElec   .          Harm     .   j - +0 cloak
rCorr   .          Rampage  .   (no gloves)
Will    .....                   (boots currently unavailable)
Stlth   ++........              (no amulet)
HPRegen 0.07/turn               f - ring of positive energy
MPRegen 0.09/turn               (no ring)

@: lethally poisoned (-1 -> -9), appendages (expiring)
A: horns 2, talons 2, demonic touch 1
a: End Transformation


You were on level 2 of the Dungeon.
You had temporarily grown beastly horns and talons.
You visited 1 branch of the dungeon, and saw 2 of its levels.

You collected 34 gold pieces.

Inventory:

Missiles
 d - 16 arrows
 i - 2 boomerangs
Armour
 a - a +0 robe (worn)
 b - a +0 ring mail
 j - a +0 cloak (worn)
Jewellery
 f - a ring of positive energy (left hand)
Scrolls
 e - a scroll of noise {unknown}
 g - a scroll of enchant armour {unknown}
 k - a scroll of torment {unknown}
Potions
 c - a potion of curing {unknown}
 h - a potion of ambrosia {unknown}


   Skills:
 * Level 1.8 Fighting
 + Level 2.0 Dodging
 * Level 1.3 Stealth
 - Level 2.6 Unarmed Combat
 - Level 2.0 Spellcasting
 + Level 2.0 Transmutations


You had 2 spell levels left.
You knew the following spells:

 Your Spells              Type           Power      Damage    Failure   Level
a - Beastly Appendage     Tmut           14%        N/A       10%         1
b - Wereblood             Tmut           7%         N/A       16%         2

Your spell library contained the following spells:

 Spells                   Type           Power      Damage    Failure   Level
 Sublimation of Blood     Necr           1%         N/A       34%         2
 Spider Form              Tmut/Pois      4%         N/A       43%         3
 Ice Form                 Ice/Tmut       4%         N/A       83%         4
 Summon Hydra             Summ           0%         N/A       100%        7


Dungeon Overview and Level Annotations

Branches:
Dungeon (2/15)

Altars:

Annotations:
D:2 exclusion: orc


Innate Abilities, Weirdness & Mutations

You have temporarily grown beastly horns and talons.
Your touch may inflict minor irresistible damage on your foes.


Message History

Your transformation is almost over.
Found a cloak.
Your horns disappear.
Your talons disappear.
You see here a +0 cloak.
You start putting on your armour.
You continue putting on your +0 cloak. x4
You finish putting on your +0 cloak.
k - a scroll labelled SAGIESTE BIBIC You open the door.
An adder comes into view.
Casting: Beastly Appendage (safe; 10% risk of failure)
Confirm with . or Enter, or press ? or * to list all spells.
You grow a pair of large bovine horns.
Your feet morph into talons.
The adder hisses angrily.
The adder bites you.
There is an open door here.
You barely miss the adder.
Your transformation is almost over.
The adder barely misses you.
You hit the adder. Your kick misses the adder.
The adder is lightly wounded.
The adder bites you.
You are poisoned.
The adder poisons you!
You closely miss the adder.
The adder is lightly wounded.
You feel sick. The adder bites you. x2
You miss the adder. Your touch misses the adder.
The adder is lightly wounded.
You feel sick. The adder bites you.
* * * LOW HITPOINT WARNING * * *
You are lethally poisoned!
The adder poisons you!
You miss the adder. Your kick misses the adder. Your headbutt misses the adder.
The adder is lightly wounded.
* * * LOW HITPOINT WARNING * * *
You feel sick. The adder bites you.
* * * LOW HITPOINT WARNING * * *
You hit the adder.
The adder is moderately wounded.
You die...

#. ## .# ##.#
... ###+#.# #
#.....#
#.##....#
#.S@....#
####....#
####.# #.# ...
#.# #o. #.# ..#
#.#....#..
#.#....#.#####
##.##...#.#...#


You could see an adder.

Vanquished Creatures
  2 endoplasms (D:1)
  4 giant cockroaches (D:1)
  3 goblins (D:1)
  2 hobgoblins
  3 jackals (D:1)
  A quokka (D:1)
  A bat (D:1)
  4 frilled lizards (D:1)
  2 rats (D:1)
22 creatures vanquished.

Vanquished Creatures (others)
  2 plants (D:2)
  4 toadstools (D:2)
6 creatures vanquished.

Grand Total: 28 creatures vanquished

Notes
Turn   | Place    | Note
-------+----------+-------------------------------------------
     0 | D:1      | yoda5477 the Demonspawn Transmuter began the quest for the
                  | Orb.
     0 | D:1      | Reached XP level 1. HP: 15/15 MP: 3/3
   286 | D:1      | Discovered your monstrous ancestry.
   286 | D:1      | Gained mutation: Your touch may inflict minor irresistible
                  | damage on your foes. [demonic ancestry]
   286 | D:1      | Reached XP level 2. HP: 17/21 MP: 3/5
   430 | D:1      | Learned a level 2 spell: Wereblood
   444 | D:1      | Reached skill level 1 in Stealth
  1122 | D:2      | HP: 1/22 [adder (1)]
  1123 | D:2      | Succumbed to an adder's poison

Illustrated notes

Levels and vault maps discovered:
D:1:      amcnicky_arrival_choice, layout_loops_ring
D:2:      layout_basic, minmay_misc_feat_pillars, serial_bayou_pond_c,
          minmay_gold_behind_fungi

Skill      XL: |  1  2 |
---------------+-------+-----
Stealth        | 1 |  1.3
Transmutations | 2 |  2.0
Dodging        | 2 |  2.0
Fighting       | |  1.8
Unarmed Combat | |  2.6
Spellcasting   | |  2.0

Action                   || total
-------------------------++-------
Melee: Unarmed           ||    55
       Headbutt          ||     5
       Kick              ||     7
       Touch             ||     6
       Punch             ||     1
 Cast: Beastly Appendage ||    16
 Stab: Sleeping          ||     2
Armor: Robe              ||    10
Dodge: Dodged            ||    26

Table legend: (Time is in decaauts)
 A = Elapsed time spent in this place.
 B = Non-inter-level travel time spent in this place.
 C = Inter-level travel time spent in this place.
 D = Time resting spent in this place.
 E = Time spent auto-exploring this place.
 F = Levels seen in this place.
 G = Mean time per level.
                   A        B        C        D        E       F      G
               +--------+--------+--------+--------+--------+-----+--------+
         Total |   1122 |   1104 |     18 |    276 |    553 |   2 |  561.0 |
       Dungeon |   1122 |   1104 |     18 |    276 |    553 |   2 |  561.0 |
               +--------+--------+--------+--------+--------+-----+--------+

Top non-repeatable levels by time:
     D:1: 1006 daAuts
     D:2: 116 daAuts
